TOP OF THE 1ST |
Duke Blue Devils batting - Pitching for Purdue Boilermakers : RHP Justin Johnston
|
Pitching: RHP Justin Johnston
|
|
Batting: RHB Curt Eastham
|
0-0: Ball 1-0: Swinging Strike 1-1: Swinging Strike 1-2: Fly out, F7 (Flyball, 7LD)
|
Batting: RHB Bob Ferguson
|
0-0: Ball 1-0: Ball 2-0: Ball 3-0: Base on Balls
|
Batting: SHB Luis Romero
|
0-0: Called Strike 0-1: Ball 1-1: Called Strike 1-2: Foul Ball, location: 2F 1-2: Fly out, F9 (Flyball, 9)
|
Batting: SHB Álex Vega
|
0-0: Called Strike 0-1: Ball 1-1: Foul Ball, location: 2F 1-2: SINGLE (Groundball, 34D) Bob Ferguson to second Runner from 2nd tries for 3rd, SAFE, no throw
|
Pinch Runner at 3rd Pedro Johns:
|
|
Batting: RHB Deron McClendon
|
0-0: Ball 1-0: Ball 2-0: Called Strike 2-1: Swinging Strike 2-2: Strikes out swinging
|
Top of the 1st over - 0 runs, 1 hit, 0 errors, 2 left on base; Duke 0 - Purdue 0 |
BOTTOM OF THE 1ST |
Purdue Boilermakers batting - Pitching for Duke Blue Devils : LHP Tim Wallace
|
Pitching: LHP Tim Wallace
|
|
Batting: RHB Aaron Baker
|
0-0: Bunt missed! 0-1: Fly out, F9 (Flyball, 89M)
|
Batting: RHB Mark Jordan
|
0-0: Called Strike 0-1: Foul Ball, location: 2F 0-2: SINGLE (Line Drive, 6D)
|
Batting: SHB Bryan Atkins
|
0-0: Ball 1-0: Called Strike 1-1: Ball 2-1: Foul Ball, location: 2F 2-2: Strikes out swinging
|
Batting: RHB Reggie Calhoun
|
0-0: Ball 1-0: Swinging Strike 1-1: Foul Ball, location: 2F 1-2: Foul Ball, location: 2F 1-2: Strikes out swinging
|
Bottom of the 1st over - 0 runs, 1 hit, 0 errors, 1 left on base; Duke 0 - Purdue 0 |
TOP OF THE 2ND |
Duke Blue Devils batting - Pitching for Purdue Boilermakers : RHP Justin Johnston
|
Batting: RHB Marvin Bruce
|
0-0: Called Strike 0-1: Called Strike 0-2: Ball 1-2: Ball 2-2: Strikes out swinging
|
Batting: RHB Clint Durham
|
0-0: Called Strike 0-1: Ground out 4-3 (Groundball, 4)
|
Batting: RHB Jackson Walker
|
0-0: Called Strike 0-1: Ball 1-1: Ground out 6-3 (Groundball, 6)
|
Top of the 2nd over - 0 runs, 0 hits, 0 errors, 0 left on base; Duke 0 - Purdue 0 |
BOTTOM OF THE 2ND |
Purdue Boilermakers batting - Pitching for Duke Blue Devils : LHP Tim Wallace
|
Batting: RHB Lee Justice
|
0-0: Called Strike 0-1: Foul Ball, location: 2F 0-2: Fly out, F7 (Flyball, 78S)
|
Batting: SHB Guy Chávez
|
0-0: Fly out, F8 (Flyball, 78XD)
|
Batting: LHB Norm St. John
|
0-0: Swinging Strike 0-1: Ground out 4-3 (Groundball, 4)
|
Bottom of the 2nd over - 0 runs, 0 hits, 0 errors, 0 left on base; Duke 0 - Purdue 0 |
TOP OF THE 3RD |
Duke Blue Devils batting - Pitching for Purdue Boilermakers : RHP Justin Johnston
|
Batting: RHB Tommy Reid
|
0-0: Ball 1-0: Ball 2-0: Ball 3-0: Base on Balls
|
Batting: RHB Curt Eastham
|
0-0: SINGLE (Flyball, 78M) Tommy Reid to second
|
Batting: RHB Pedro Johns
|
0-0: Called Strike 0-1: Ball 1-1: Foul Ball, location: 2F 1-2: Strikes out swinging
|
Batting: SHB Luis Romero
|
0-0: Ball 1-0: Fly out, F8 (Flyball, 8LM)
|
Batting: SHB Álex Vega
|
0-0: Ball 1-0: Foul Ball, location: 2F 1-1: Ball 2-1: Fly out, F7 (Flyball, 78M)
|
Top of the 3rd over - 0 runs, 1 hit, 0 errors, 2 left on base; Duke 0 - Purdue 0 |
BOTTOM OF THE 3RD |
Purdue Boilermakers batting - Pitching for Duke Blue Devils : LHP Tim Wallace
|
Batting: RHB Dan Osborne
|
0-0: SINGLE (Line Drive, 56D)
|
Batting: RHB Ryan Carpenter
|
0-0: Ball 1-0: Ball 2-0: Called Strike 2-1: Ball 3-1: Swinging Strike 3-2: Base on Balls Dan Osborne to second
|
Batting: RHB Aaron Baker
|
0-0: Grounds into double play, 4-6-3 (Groundball, 4D) Dan Osborne to third
|
Batting: RHB Mark Jordan
|
0-0: Ball 1-0: Ball 2-0: SINGLE (Flyball, 78S) Dan Osborne scores
|
Batting: SHB Bryan Atkins
|
0-0: Ball 1-0: Ball 2-0: 2-RUN HOME RUN (Flyball, 78XD), Distance : 431 ft
|
Batting: RHB Reggie Calhoun
|
0-0: Ball 1-0: Called Strike 1-1: Foul Ball, location: 2F 1-2: Ball 2-2: Ball 3-2: Foul Ball, location: 2F 3-2: Fly out, F9 (Flyball, 9)
|
Bottom of the 3rd over - 3 runs, 3 hits, 0 errors, 0 left on base; Duke 0 - Purdue 3 |
TOP OF THE 4TH |
Duke Blue Devils batting - Pitching for Purdue Boilermakers : RHP Justin Johnston
|
Batting: RHB Deron McClendon
|
0-0: Ball 1-0: Called Strike 1-1: Ball 2-1: Called Strike 2-2: Strikes out swinging
|
Batting: RHB Marvin Bruce
|
0-0: Ball 1-0: Called Strike 1-1: Foul Ball, location: 2F 1-2: Ball 2-2: SOLO HOME RUN (Line Drive, 9LD), Distance : 353 ft
|
Batting: RHB Clint Durham
|
0-0: Ball 1-0: Foul Ball, location: 2F 1-1: Ball 2-1: Called Strike 2-2: Strikes out swinging
|
Batting: RHB Jackson Walker
|
0-0: Fly out, F8 (Line Drive, 78M)
|
Top of the 4th over - 1 run, 1 hit, 0 errors, 0 left on base; Duke 1 - Purdue 3 |
BOTTOM OF THE 4TH |
Purdue Boilermakers batting - Pitching for Duke Blue Devils : LHP Tim Wallace
|
Batting: RHB Lee Justice
|
0-0: Ball 1-0: Called Strike 1-1: Fly out, F9 (Flyball, 9S)
|
Batting: SHB Guy Chávez
|
0-0: Ball 1-0: Ball 2-0: Ball 3-0: Base on Balls
|
Batting: LHB Norm St. John
|
0-0: Ball 1-0: Fly out, F8 (Flyball, 8LM)
|
Batting: RHB Dan Osborne
|
0-0: Ball 1-0: Called Strike 1-1: Ball 2-1: SINGLE (Groundball, 4) (infield hit) Guy Chávez to second
|
Batting: RHB Ryan Carpenter
|
0-0: Called Strike 0-1: Ball 1-1: Ball 2-1: Foul Ball, location: 2F 2-2: Foul Ball, location: 2F 2-2: Ball 3-2: Base on Balls Guy Chávez to third Dan Osborne to second
|
Batting: RHB Aaron Baker
|
0-0: Foul Ball, location: 2F 0-1: Ball 1-1: Swinging Strike 1-2: Ball 2-2: Ball 3-2: Foul Ball, location: 2F 3-2: Foul Ball, location: 2F 3-2: Strikes out swinging
|
Bottom of the 4th over - 0 runs, 1 hit, 0 errors, 3 left on base; Duke 1 - Purdue 3 |
TOP OF THE 5TH |
Duke Blue Devils batting - Pitching for Purdue Boilermakers : RHP Justin Johnston
|
Batting: RHB Tommy Reid
|
0-0: SINGLE (Groundball, 34D)
|
Batting: RHB Curt Eastham
|
0-0: Ball 1-0: Ball 2-0: Called Strike 2-1: Ball 3-1: Called Strike 3-2: Foul Ball, location: 2F 3-2: Strikes out swinging
|
Batting: RHB Pedro Johns
|
0-0: Ball 1-0: Foul Ball, location: 2F 1-1: Called Strike 1-2: SINGLE (Groundball, 15S) (infield hit) Tommy Reid to second
|
Batting: SHB Luis Romero
|
0-0: Called Strike 0-1: SINGLE (Flyball, 9LS) Tommy Reid to third Pedro Johns to second Runner from 3rd tries for Home, SAFE, no throw
|
Batting: SHB Álex Vega
|
0-0: Ball 1-0: Ball 2-0: Called Strike 2-1: Ball 3-1: Base on Balls Pedro Johns to third Luis Romero to second
|
Pitching: RHP Kel Phillips
|
|
Batting: RHB Deron McClendon
|
0-0: Fly out, F7 (Line Drive, 7)
|
Batting: RHB Marvin Bruce
|
0-0: Ball 1-0: Ball 2-0: Ball 3-0: Called Strike 3-1: Foul Ball, location: 2F 3-2: SINGLE (Groundball, 56D) Pedro Johns scores Luis Romero to third Álex Vega to second Luis Romero scores Álex Vega to third
|
Batting: RHB Clint Durham
|
0-0: Ball 1-0: Called Strike 1-1: Called Strike 1-2: Strikes out swinging
|
Top of the 5th over - 3 runs, 4 hits, 0 errors, 2 left on base; Duke 4 - Purdue 3 |
BOTTOM OF THE 5TH |
Purdue Boilermakers batting - Pitching for Duke Blue Devils : LHP Tim Wallace
|
Batting: RHB Mark Jordan
|
0-0: Called Strike 0-1: Ball 1-1: Foul Ball, location: 2F 1-2: Fly out, F7 (Line Drive, 78M)
|
Batting: SHB Bryan Atkins
|
0-0: Ball 1-0: Called Strike 1-1: Foul Ball, location: 2F 1-2: Ball 2-2: Ball 3-2: SINGLE (Flyball, 9LS)
|
Pitching: RHP Scott Sheppard
|
|
Batting: RHB Reggie Calhoun
|
0-0: Ball 1-0: Fielders Choice at 2nd, 6-4 (Groundball, 6)
|
Batting: RHB Lee Justice
|
0-0: Called Strike 0-1: Swinging Strike 0-2: Ball 1-2: Strikes out looking
|
Bottom of the 5th over - 0 runs, 1 hit, 0 errors, 1 left on base; Duke 4 - Purdue 3 |
TOP OF THE 6TH |
Duke Blue Devils batting - Pitching for Purdue Boilermakers : RHP Kel Phillips
|
Batting: RHB Jackson Walker
|
0-0: Ball 1-0: Foul Ball, location: 2F 1-1: Foul Ball, location: 2F 1-2: Foul Ball, location: 2F 1-2: Ball 2-2: Foul Ball, location: 2F 2-2: Foul Ball, location: 2F 2-2: Fly out, F4 (Line Drive, 4)
|
Batting: RHB Tommy Reid
|
0-0: SINGLE (Groundball, 6MD)
|
Batting: RHB Curt Eastham
|
0-0: Fly out, F8 (Flyball, 8RD)
|
Batting: RHB Pedro Johns
|
0-0: Ball 1-0: Swinging Strike 1-1: Swinging Strike 1-2: Strikes out swinging
|
Top of the 6th over - 0 runs, 1 hit, 0 errors, 1 left on base; Duke 4 - Purdue 3 |
BOTTOM OF THE 6TH |
Purdue Boilermakers batting - Pitching for Duke Blue Devils : RHP Scott Sheppard
|
Batting: SHB Guy Chávez
|
0-0: Called Strike 0-1: Ball 1-1: Swinging Strike 1-2: Ball 2-2: Ball 3-2: Base on Balls
|
Batting: LHB Norm St. John
|
0-0: Foul Ball, location: 2F 0-1: Called Strike 0-2: Ball 1-2: Strikes out swinging
|
Batting: RHB Dan Osborne
|
0-0: Swinging Strike 0-1: Ball 1-1: Called Strike 1-2: Strikes out swinging
|
Batting: RHB Ryan Carpenter
|
0-0: Called Strike 0-1: Called Strike 0-2: Strikes out looking
|
Bottom of the 6th over - 0 runs, 0 hits, 0 errors, 1 left on base; Duke 4 - Purdue 3 |
TOP OF THE 7TH |
Duke Blue Devils batting - Pitching for Purdue Boilermakers : RHP Kel Phillips
|
Batting: SHB Luis Romero
|
0-0: Foul Ball, location: 2F 0-1: Called Strike 0-2: Ball 1-2: Strikes out swinging
|
Batting: SHB Álex Vega
|
0-0: Foul Ball, location: 2F 0-1: Swinging Strike 0-2: Foul Ball, location: 2F 0-2: Ball 1-2: SOLO HOME RUN (Flyball, 9LD), Distance : 356 ft
|
Batting: RHB Deron McClendon
|
0-0: Called Strike 0-1: Swinging Strike 0-2: Strikes out swinging
|
Batting: RHB Marvin Bruce
|
0-0: Called Strike 0-1: Ball 1-1: Ball 2-1: Ground out 1-3 (Groundball, 13S)
|
Top of the 7th over - 1 run, 1 hit, 0 errors, 0 left on base; Duke 5 - Purdue 3 |
BOTTOM OF THE 7TH |
Purdue Boilermakers batting - Pitching for Duke Blue Devils : RHP Scott Sheppard
|
Batting: RHB Aaron Baker
|
0-0: Called Strike 0-1: Ball 1-1: Foul Ball, location: 2F 1-2: Ball 2-2: Ball 3-2: Strikes out swinging
|
Batting: RHB Mark Jordan
|
0-0: Called Strike 0-1: Ball 1-1: SINGLE (Groundball, 4MD)
|
Batting: SHB Bryan Atkins
|
0-0: Ball Mark Jordan is caught stealing 2nd base 1-0: Ball 2-0: Called Strike 2-1: Foul Ball, location: 2F 2-2: Ball 3-2: Base on Balls
|
Batting: RHB Reggie Calhoun
|
0-0: Ball 1-0: Ball 2-0: Ball 3-0: SINGLE (Line Drive, 89S) Bryan Atkins to second
|
Batting: RHB Lee Justice
|
0-0: Ball 1-0: Ball 2-0: Ball 3-0: Foul Ball, location: 2F 3-1: Fly out, F7 (Flyball, 7LMF)
|
Bottom of the 7th over - 0 runs, 2 hits, 0 errors, 2 left on base; Duke 5 - Purdue 3 |
TOP OF THE 8TH |
Duke Blue Devils batting - Pitching for Purdue Boilermakers : RHP Kel Phillips
|
Pitching: RHP Ken Jones
|
|
Batting: RHB Clint Durham
|
0-0: Called Strike 0-1: Ball 1-1: Called Strike 1-2: SINGLE (Line Drive, 6D)
|
Batting: RHB Jackson Walker
|
0-0: Ball 1-0: Called Strike 1-1: Called Strike 1-2: Strikes out looking
|
Batting: RHB Tommy Reid
|
0-0: Ball 1-0: Called Strike 1-1: Called Strike 1-2: Strikes out swinging
|
Batting: RHB Curt Eastham
|
0-0: Called Strike 0-1: DOUBLE (Flyball, 8LD) Clint Durham to third
|
Batting: RHB Pedro Johns
|
0-0: Ball 1-0: SINGLE (Groundball, 56D) Clint Durham scores Curt Eastham to third Runner from 3rd tries for Home, throw and OUT!
|
Top of the 8th over - 1 run, 3 hits, 0 errors, 1 left on base; Duke 6 - Purdue 3 |
BOTTOM OF THE 8TH |
Purdue Boilermakers batting - Pitching for Duke Blue Devils : RHP Scott Sheppard
|
Batting: SHB Guy Chávez
|
0-0: Foul Ball, location: 2F 0-1: Ball 1-1: Called Strike 1-2: Strikes out swinging
|
Batting: LHB Norm St. John
|
0-0: Ball 1-0: Swinging Strike 1-1: Foul Ball, location: 2F 1-2: Strikes out swinging
|
Batting: RHB Dan Osborne
|
0-0: Called Strike 0-1: Foul Ball, location: 2F 0-2: Strikes out looking
|
Bottom of the 8th over - 0 runs, 0 hits, 0 errors, 0 left on base; Duke 6 - Purdue 3 |
TOP OF THE 9TH |
Duke Blue Devils batting - Pitching for Purdue Boilermakers : RHP Ken Jones
|
Batting: SHB Luis Romero
|
0-0: Fly out, F8 (Flyball, 8LD)
|
Batting: SHB Álex Vega
|
0-0: Swinging Strike 0-1: Foul Ball, location: 2F 0-2: Strikes out swinging
|
Batting: RHB Deron McClendon
|
0-0: Called Strike 0-1: Foul Ball, location: 2F 0-2: Ball 1-2: Strikes out swinging
|
Top of the 9th over - 0 runs, 0 hits, 0 errors, 0 left on base; Duke 6 - Purdue 3 |
BOTTOM OF THE 9TH |
Purdue Boilermakers batting - Pitching for Duke Blue Devils : RHP Scott Sheppard
|
Pitching: RHP Bob Robinson
|
|
Now at C: Fred Cox
|
|
Batting: RHB Ryan Carpenter
|
0-0: Ball 1-0: Ball 2-0: Called Strike 2-1: Called Strike 2-2: Foul Ball, location: 2F 2-2: Ball 3-2: Strikes out looking
|
Batting: RHB Aaron Baker
|
0-0: Ball 1-0: Ball 2-0: Ground out 1-3 (Groundball, 13S)
|
Batting: RHB Mark Jordan
|
0-0: Ball 1-0: Ball 2-0: Ground out 6-3 (Groundball, 6)
|
Bottom of the 9th over - 0 runs, 0 hits, 0 errors, 0 left on base; Duke 6 - Purdue 3 |
|